 Dungeon Crawl Stone Soup version 0.27-a0-1191-g601b473118 (webtiles) character file.

Game seed: 2942023449664412307

104 PewDiePie the Chopper (level 4, -1/41 HPs)
             Began as a Minotaur Berserker on May 24, 2021.
             Was a Believer of Trog.
             Killed by nerve-wracking pain
             ... invoked by Grinder
              (6 damage)
             ... while paralysed by Grinder
             ... on level 3 of the Dungeon.
             The game lasted 00:02:25 (3786 turns).

PewDiePie the Chopper (Minotaur Berserker)          Turns: 3786, Time: 00:02:26

Health: -1/41      AC:  2    Str: 22    XL:     4   Next: 52%
Magic:  3/3        EV:  2    Int:  4    God:    Trog [**....]
Gold:   105        SH:  0    Dex: 10    Spells: 3/3 levels left

rFire    . . .     SeeInvis .   e - +0 hand axe (elec)
rCold    . . .     Faith    .   (no shield)
rNeg     . . .     Spirit   .   b - +0 animal skin
rPois    .         Reflect  .   (helmet restricted)
rElec    .         Harm     .   (no cloak)
rCorr    .         Rampage  .   (no gloves)
Will     .....                  (no boots)
Stlth    +.........             (no amulet)
HPRegen  0.13/turn              (no ring)
MPRegen  0.08/turn              (no ring)

@: paralysed
A: horns 2, retaliatory headbutt
a: Renounce Religion, Berserk, Trog's Hand


You were on level 3 of the Dungeon.
You worshipped Trog.
Trog was pleased with you.
You visited 1 branch of the dungeon, and saw 3 of its levels.

You collected 105 gold pieces.

Inventory:

Hand Weapons
 a - a +0 hand axe
 e - a +0 hand axe of electrocution (weapon)
Armour
 b - a +0 animal skin (worn)
Scrolls
 d - 2 scrolls of identify {unknown}
 f - a scroll of amnesia {unknown}
 g - a scroll of magic mapping {unknown}
 h - a scroll of fog {unknown}
 j - a scroll of noise {unknown}
Potions
 c - 2 potions of magic {unknown}
 i - a potion of resistance {unknown}
 k - a potion of curing {unknown}
 l - a potion of mutation {unknown}


   Skills:
 + Level 4.7 Fighting
 + Level 5.1 Axes
 + Level 2.6 Armour
 + Level 2.7 Dodging
 + Level 0.8 Stealth


You had 3 spell levels left.
You didn't know any spells.
Your spell library was empty.

Dungeon Overview and Level Annotations

Branches:
Dungeon (3/15)

Altars:

Annotations:
D:3 Grinder


Innate Abilities, Weirdness & Mutations

You have a pair of horns on your head.
You reflexively headbutt those who attack you in melee.


Message History

The goblin shouts!
You headbutt the goblin.
You kill the goblin!
Trog accepts your kill.
You hit the goblin. Lightning courses through the goblin!
You kill the goblin!
Trog accepts your kill.
A goblin comes into view. It is wielding a +0 dagger.
There are monsters nearby!
Grinder gestures at you.
You suddenly lose the ability to move!
Grinder gestures at you. Pain shoots through your body!
You can move again.
You hit Grinder.
Grinder is lightly wounded.
You closely miss the goblin. Grinder hits you.
You writhe in agony.
The goblin misses you.
There are monsters nearby!
You hit Grinder but do no damage.
Grinder is lightly wounded.
You hit the goblin. Lightning courses through the goblin!
You kill the goblin!
Trog accepts your kill. Grinder gestures at you.
You suddenly lose the ability to move!
The goblin hits you with a +0 dagger. Grinder hits you but does no damage.
The goblin hits you with a +0 dagger. Grinder hits you.
You writhe in agony.
The goblin hits you with a +0 club.
* * * LOW HITPOINT WARNING * * *
The goblin hits you with a +0 dagger.
* * * LOW HITPOINT WARNING * * *
An orc comes into view. It is wielding a +0 dagger.
Grinder gestures at you.
You barely resist. The goblin hits you with a +0 club.
* * * LOW HITPOINT WARNING * * *
The goblin hits you with a +0 dagger.
* * * LOW HITPOINT WARNING * * *
Grinder gestures at you. Pain shoots through your body!
You die...

#..............#
..........
####.#.........#
....#####.
#...#####+###
>... #. ###..<..#
.... ####
+.......++###....
....
#.....†.........
####
#....##.........
#
#...............
## #
####....@5......
... #
#...gg.......
....##
......))######..
...... .......o#
#..#. .........
#. #. .........
## ######.!g. #.
#...# #. #...#


You could see Grinder, an orc and 2 goblins.

Vanquished Creatures
  4 gnolls (D:2)
  An adder (D:3)
  A dart slug (D:1)
  A bat zombie (D:2)
  4 endoplasms
  3 giant cockroaches
  7 goblins
  5 hobgoblins
  4 jackals (D:2)
  2 quokkas (D:1)
  5 ball pythons
  5 bats
  3 frilled lizards
  3 kobolds (D:1)
  A quokka skeleton (D:2)
  3 rats (D:1)
52 creatures vanquished.

Notes
Turn   | Place    | Note
-------+----------+-------------------------------------------
     0 | D:1      | PewDiePie the Minotaur Berserker began the quest for the
                  | Orb.
     0 | D:1      | Reached XP level 1. HP: 19/19 MP: 0/0
   160 | D:1      | HP: 1/30 [giant cockroach (1)]
   162 | D:1      | Reached XP level 2. HP: 1/27 MP: 1/1
   740 | D:1      | Reached skill level 4 in Axes
  1455 | D:1      | Reached XP level 3. HP: 17/33 MP: 2/2
  2778 | D:2      | HP: 2/51 [gnoll/+0 spear (5)]
  2780 | D:2      | Reached XP level 4. HP: 3/41 MP: 3/3
  3629 | D:3      | Reached ** piety under Trog
  3652 | D:3      | Reached skill level 5 in Axes
  3771 | D:3      | Noticed Grinder
  3778 | D:3      | Paralysed by Grinder for 3 turns
  3782 | D:3      | Paralysed by Grinder for 6 turns
  3786 | D:3      | Killed from afar by Grinder

Illustrated notes

Levels and vault maps discovered:
D:1:      dpeg_arrival_tiny_e, layout_basic, st_stairs_10
D:2:      layout_loops_ring, serial_undead, serial_undead_d, serial_undead_d,
          serial_undead_e, serial_undead_f, serial_shops,
          nicolae_shop_behind_doors
D:3:      layout_basic, serial_shops, nicolae_shop_behind_doors, uniq_terence,
          uniq_grinder, uniq_robin

Skill      XL: |  1  2  3  4 |
---------------+-------------+-----
Fighting       | 4 |  4.7
Axes           | 4 5 |  5.1
Armour         | |  2.6
Dodging        | |  2.7
Stealth        | |  0.8

Action                   |  1- 3 |  4- 6 || total
-------------------------+-------+-------++-------
Melee: Hand axe          |    73 |    15 ||    88
       Headbutt          |    14 |     1 ||    15
Invok: Berserk           |     2 |       ||     2
Armor: Animal skin       |    17 |     5 ||    22
Dodge: Dodged            |    66 |    12 ||    78

Table legend: (Time is in decaauts)
 A = Elapsed time spent in this place.
 B = Non-inter-level travel time spent in this place.
 C = Inter-level travel time spent in this place.
 D = Time resting spent in this place.
 E = Time spent auto-exploring this place.
 F = Levels seen in this place.
 G = Mean time per level.
                   A        B        C        D        E       F      G
               +--------+--------+--------+--------+--------+-----+--------+
         Total |   3806 |   3806 |      0 |   2265 |   1207 |   3 | 1268.7 |
       Dungeon |   3806 |   3806 |      0 |   2265 |   1207 |   3 | 1268.7 |
               +--------+--------+--------+--------+--------+-----+--------+

Top non-repeatable levels by time:
     D:1: 2397 daAuts
     D:2: 1245 daAuts
     D:3: 163 daAuts
